Map: Kairos Junction LE

Players

ellie - Winner!

  • Race: Protoss Protoss
  • Spawn Location: 11:00

Nagaeiku

  • Race: Terran Terran
  • League: Master
  • Spawn Location: 5:00

VOD

Have the link to the VOD?

Description

Time

  • Played on: July 1, 2019, 11:34 p.m.
  • Length: 8:29
Show
View Real Time Build Order
Export as new Build Order

ellie Protoss - Winner!

Build Orders:  

Get SALT Encoding   

  12  0:00  Probe  
  13  0:13  Probe  
  14  0:19  Pylon  
  14  0:25  Probe  
  15  0:35  Probe  
  15  0:38  Gateway  
  16  0:43  Probe  
  16  0:49  Assimilator  
  17  0:53  Probe  
  18  1:05  Probe  
  19  1:13  Gateway  
  19  1:26  Cybernetics Core  
  19  1:27  Zealot  
  19  1:29  Probe  
  22  1:38  Pylon  
  22  1:49  Probe  
  23  1:54  Adept x2  
  27  2:10  Shield Battery  
  27  2:20  Warp Gate  
  27  2:32  Nexus  
  27  2:35  Stalker  
  27  2:36  Probe  
  30  2:48  Probe  
  30  2:50  Pylon  
  31  3:20  Probe  
  31  3:24  Assimilator  
  32  3:28  Probe, Twilight Council  
  33  3:36  Probe  
  34  3:46  Probe  
  33  3:58  Probe  
  33  4:02  Charge  
  32  4:05  Probe  
  33  4:10  Probe  
  33  4:14  Robotics Facility  
  33  4:16  Forge  
  35  4:17  Probe  
  35  4:22  Probe  
  35  4:23  Gateway  
  34  4:27  Gateway  
  34  4:28  Gateway  
  34  4:29  Probe  
  35  4:34  Probe  
  35  4:37  Stalker  
  38  4:39  Stalker  
  40  4:53  Photon Cannon  
  40  4:56  Pylon  
  40  4:58  Warp Prism  
  40  4:59  Photon Cannon  
  42  5:03  Pylon  
  42  5:14  Gateway  
  42  5:15  Gateway  
  42  5:28  Probe, Protoss Ground Weapons Level 1  
  43  5:36  Probe  
  43  5:40  Probe  
  43  5:42  Pylon  
  45  5:47  Pylon  
  45  5:48  Pylon  
  45  5:49  Probe, Pylon  
  46  6:04  Zealot x2  
  46  6:05  Zealot x2  
  54  6:16  Warp Prism  
  46  6:25  Zealot x3  
  41  6:26  Zealot x4  
  54  6:42  Photon Cannon  
  54  6:49  Zealot x3  
  54  6:50  Zealot x3  
  54  6:51  Zealot  
  68  7:09  Probe  
  63  7:25  Nexus  
  63  7:27  Zealot x5, Pylon  
  67  7:40  Photon Cannon  
  67  7:41  Photon Cannon  
  61  7:54  Stargate  
  61  7:56  Stargate  
  61  7:57  Pylon  
  53  8:09  Photon Cannon  
  49  8:12  Photon Cannon  
  49  8:15  Photon Cannon  
  43  8:22  Photon Cannon  
Show
View Real Time Build Order
Export as new Build Order

Nagaeiku Terran 

Build Orders: Gas First Reaper Expand 

Get SALT Encoding   

  12  0:01  SCV  
  13  0:13  SCV  
  14  0:17  Supply Depot  
  14  0:25  SCV  
  14  0:28  Refinery  
  15  0:38  SCV  
  16  0:45  Barracks  
  16  0:50  SCV  
  17  1:03  SCV  
  18  1:15  SCV  
  19  1:32  Reaper  
  20  1:35  Orbital Command  
  20  1:46  Command Center  
  20  2:00  SCV  
  20  2:01  Factory  
  21  2:06  Barracks Reactor  
  21  2:11  Supply Depot  
  21  2:12  SCV  
  22  2:19  Refinery  
  22  2:30  SCV  
  23  2:43  SCV  
  24  2:46  Widow Mine, Marine  
  24  2:47  Marine  
  28  2:55  SCV  
  28  3:04  Marine x2  
  30  3:07  SCV  
  29  3:20  Widow Mine  
  29  3:22  Marine  
  29  3:25  Command Center  
  31  3:39  Marine  
  31  3:40  SCV, Marine  
  29  3:57  Marine  
  29  4:03  Widow Mine  
  29  4:05  Starport, SCV  
  30  4:25  SCV  
  30  4:26  Factory Tech Lab  
  31  4:36  Marine x2  
  31  4:38  Supply Depot x2, Orbital Command  
  33  4:43  Starport Tech Lab  
  33  4:45  Starport  
  33  4:47  Siege Tank  
  36  4:54  Marine x2  
  38  5:01  Orbital Command  
  38  5:05  Banshee  
  41  5:08  Cloaking Field  
  41  5:12  Marine x2  
  43  5:27  SCV  
  43  5:28  SCV  
  43  5:32  Marine x2  
  43  5:33  Siege Tank  
  48  5:39  SCV  
  49  5:42  Starport Tech Lab  
  49  5:48  Banshee, Armory  
  52  5:52  SCV x2  
  52  5:54  Marine x2  
  57  6:04  SCV x2, Refinery  
  49  6:20  Marine x2  
  48  6:26  SCV x2  
  48  6:27  Banshee  
  48  6:30  Siege Tank  
  48  6:31  Banshee  
  59  6:38  Engineering Bay, SCV x2, Marine  
  62  6:44  Supply Depot, Refinery  
  62  6:51  Barracks  
  62  6:55  Supply Depot  
  62  7:05  SCV x2, Marine  
  65  7:09  Supply Depot  
  65  7:14  Raven  
  67  7:18  SCV x2  
  19  7:50  SCV  
  17  8:02  SCV  
  16  8:14  SCV  
Tags
 
Add a new tag
Caveats
  • Supply blocks, unpowered buildings, or Contaminate may cause inaccurate times.
  • Supply counts are checked every 10 seconds.